[Event "FIDE Women's Grand Swiss 2023"]
[Site "Villa Marina, Douglas, Isle of Man, Isle Of Man"]
[Date "2023.10.30"]
[Round "6.1"]
[White "Muzychuk, Anna"]
[Black "Assaubayeva, Bibisara"]
[Result "1-0"]
[TimeControl "40/90 + 30 + 30s/move"]
[WhiteFideId "14111330"]
[BlackFideId "13708694"]
[WhiteElo "2510"]
[BlackElo "2469"]

1. e4 c5 2. c3 d5 3. exd5 Qxd5 4. Nf3 g6 5. d4 Bg7 6. Nbd2 cxd4 7. Bc4 Qd8 8. Nxd4 Nf6 9. O-O O-O 10.
N2f3 Qc7 11. Qe2 Bg4 12. h3 Bxf3 13. Nxf3 Nc6 14. Be3 Na5 15. Bb3 Nxb3 16. axb3 a6 17. Bd4 Nd5 18. Rfd1 Rfd8 19. Bxg7 Kxg7 20. b4 Kg8 21. g3 Nf6 22.
Ne5 Rxd1+ 23. Rxd1 Rd8 24. Rxd8+ Qxd8 25. Qc4 e6 26. Qf4 Kg7 27. g4 Qe7 28. Qd4 Kg8 29. c4 Ne8 30. Qc5 Qd8 31.
b5 axb5 32. Qxb5 Qd1+ 33. Kg2 Nd6 34. Qc5 b6 35. Qe3 Nxc4 36. Nxc4 Qd5+ 37. Kg1 Qxc4 38. Qxb6 Kg7 39. b4 h5 40.
Qc5 Qd3 41. gxh5 Qxh3 42. Qd4+ f6 43. h6+ Qxh6 44. Qd7+ Kf8 45. b5 Qg5+ 46. Kf1 Qc1+ 47. Kg2 Qg5+ 48. Kf3 Qf5+ 49. Ke3 Qc5+ 50.
Kd3 Qb6 51. Kc4 g5 52. Qd4 Qa5 53. Qxf6+ Kg8 54. Qg6+ Kf8 55. Qf6+ Kg8 56. Qxe6+ Kg7 57. Qf5 Kh6 58. Qf6+ Kh5 59.
b6 Qa4+ 60. Kc5 Qc2+ 61. Kd6 Qd3+ 62. Ke7 Qe4+ 63. Kf8 Kh4 64. f4 1-0

[Event "FIDE Women's Grand Swiss 2023"]
[Site "Villa Marina, Douglas, Isle of Man, Isle Of Man"]
[Date "2023.10.30"]
[Round "6.2"]
[White "Vaishali, Rameshbabu"]
[Black "Goryachkina, Aleksandra"]
[Result "1/2-1/2"]
[TimeControl "40/90 + 30 + 30s/move"]
[WhiteFideId "5091756"]
[BlackFideId "4147103"]
[WhiteElo "2448"]
[BlackElo "2558"]

1. e4 e5 2. Nf3 Nc6 3. Bc4 Bc5 4. c3 Nf6 5. d3 d6 6. O-O h6 7. Re1 O-O 8. h3 Bb6 9. Nbd2 a5 10.
Bb5 Bd7 11. a4 Ne7 12. Bxd7 Nxd7 13. Nc4 Bc5 14. d4 exd4 15. Nxd4 Bxd4 16. Qxd4 Nc5 17. Qd1 Qd7 18. Qc2 Ng6 19.
Be3 Qc6 20. Nd2 Rfe8 21. Bd4 Nf4 22. Re3 d5 23. Bxc5 Qxc5 24. Rae1 Re6 25. Nb3 Qe7 26. Nd4 Rxe4 27. Rxe4 dxe4 28.
Qxe4 Qxe4 29. Rxe4 Nd3 30. b3 Kf8 31. Re3 Nc5 32. Kf1 Re8 33. Ke2 Ne4 34. Kf3 Nc5 35. h4 h5 36. Kf4 Rxe3 37.
Kxe3 Ke7 38. f3 Kf6 39. Kf4 c6 40. g3 g6 41. g4 Nd3+ 1/2-1/2

[Event "FIDE Women's Grand Swiss 2023"]
[Site "Villa Marina, Douglas, Isle of Man, Isle Of Man"]
[Date "2023.10.30"]
[Round "6.3"]
[White "Garifullina, Leya"]
[Black "Tan, Zhongyi"]
[Result "1/2-1/2"]
[TimeControl "40/90 + 30 + 30s/move"]
[WhiteFideId "34127035"]
[BlackFideId "8603642"]
[WhiteElo "2402"]
[BlackElo "2517"]

1. e4 d6 2. d4 Nf6 3. Nc3 e5 4. Nf3 Nbd7 5. Bc4 Be7 6. O-O O-O 7. a4 a5 8. Re1 c6 9. h3 exd4 10.
Nxd4 Nc5 11. Bf4 Be6 12. Bf1 Re8 13. Nxe6 fxe6 14. e5 dxe5 15. Qxd8 Raxd8 16. Bxe5 Nd5 17. Nxd5 cxd5 18. Bb5 Rf8 19.
f3 Kf7 20. Re2 Rc8 21. Rae1 Bh4 22. g3 Bf6 23. c3 Rfd8 24. Bxf6 gxf6 25. b4 Nd7 26. Bxd7 Rxd7 27. Rxe6 Rxc3 28.
bxa5 Rxf3 29. R6e3 Rxe3 30. Rxe3 d4 31. Re1 d3 32. Kf2 d2 33. Rd1 Ke6 34. Ke3 Ke5 35. g4 Rd4 36. Rxd2 Rxd2 37.
Kxd2 Kf4 38. Kc3 Kg3 39. Kb4 Kxh3 40. Kb5 Kxg4 41. Kb6 h5 42. Kxb7 h4 43. a6 h3 44. a7 h2 45. a8=Q h1=Q+ 46. Kb8 Qh2+ 47. Kb7 Qb2+ 48. Kc7 Qe5+ 49. Kb6 Qd4+ 50. Kc7 f5 51. Qg2+ Kh4 52. Qh2+ Kg5 53. Qg3+ Kh5 54. Qh2+ Kg4 55.
Qg2+ Kf4 56. Qh2+ Kf3 57. Qh3+ Ke4 58. Qg2+ Kf4 59. Qh2+ Kg5 60. Qg3+ Kf6 61. Qd6+ Qxd6+ 62. Kxd6 f4 63.
a5 f3 1/2-1/2

[Event "FIDE Women's Grand Swiss 2023"]
[Site "Villa Marina, Douglas, Isle of Man, Isle Of Man"]
[Date "2023.10.30"]
[Round "6.4"]
[White "Efroimski, Marsel"]
[Black "Munguntuul, Batkhuyag"]
[Result "1/2-1/2"]
[TimeControl "40/90 + 30 + 30s/move"]
[WhiteFideId "2810964"]
[BlackFideId "4900758"]
[WhiteElo "2447"]
[BlackElo "2366"]

1. e4 c5 2. Nf3 e6 3. d4 cxd4 4.
Nxd4 Nc6 5. Nc3 Qc7 6. Be3 a6 7. Qf3 Nf6 8. O-O-O Ne5 9. Qg3 b5 10. f4 Neg4 11. Bg1 b4 12.
Na4 h5 13. e5 Nd5 14. h3 Nh6 15.
f5 Bb7 16. Bd3 h4 17. Qxh4 Qxe5 18. fxe6 dxe6 19. Qe1 Qxe1 20. Rxe1 Ng4 21. Bf5 Ngf6 22. Nxe6 fxe6 23. Bxe6 Ne7 24. Bc5 Rd8 25. Re2 Rh4 26.
Rhe1 Re4 27. g4 Rxe2 28. Rxe2 g6 29. g5 Ne4 30. Bxb4 Nxg5 31. Bc4 Nxh3 32. b3 Nf4 33. Re1 Nfd5 34. Bd2 Bg7 35. Nc5 Bc8 36. Nxa6 Bxa6 37.
Bxa6 Nc3 38. a3 Ra8 39. Re6 Kd7 40. Rb6 Bd4 41. Rb7+ Kc6 42. Rxe7 Rxa6 43. Re6+ Kb7 44. Rxa6 Kxa6 45.
Bxc3 Bxc3 46. Kd1 Kb5 47. Ke2 Kc6 48. Kd3 Bb2 49. a4 Kd5 50. c4+ Kc5 51. Ke4 Bc3 52. Kf4 Bd2+ 53. Ke5 Kb4 54.
Kf6 g5 55. Kf5 Kxb3 56. a5 Kxc4 57. a6 Be3 58. a7 Bxa7 59. Kxg5 1/2-1/2

[Event "FIDE Women's Grand Swiss 2023"]
[Site "Villa Marina, Douglas, Isle of Man, Isle Of Man"]
[Date "2023.10.30"]
[Round "6.5"]
[White "Stefanova, Antoaneta"]
[Black "Bulmaga, Irina"]
[Result "1-0"]
[TimeControl "40/90 + 30 + 30s/move"]
[WhiteFideId "2902257"]
[BlackFideId "13903063"]
[WhiteElo "2424"]
[BlackElo "2423"]

1. e4 e5 2. Nf3 Nc6 3. g3 Nf6 4. d3 d5 5. exd5 Nxd5 6. Bg2 Be7 7. O-O O-O 8. Re1 Bf6 9. Nc3 Nxc3 10.
bxc3 e4 11. Rxe4 Bxc3 12. Rb1 Bf5 13. Rc4 Bf6 14. Rf4 Be6 15. Rxb7 Bxa2 16. c4 Na5 17. Rb5 Nxc4 18. Qc2 Nd6 19.
Rc5 Be6 20. Nd4 Bxd4 21. Rxd4 Rc8 22. h4 Qe7 23. Bg5 f6 24. Bf4 Rfd8 25. Ra4 Nf5 26. Bb7 Nd4 27. Rxd4 Rxd4 28. Bxc8 Bxc8 29.
Rxc7 Bd7 30. Be3 Rd5 31. Qb3 Qe6 32. Rxa7 h5 33. Ra6 Qf7 34. d4 Kh7 35. Ra7 Qe6 36. Qc2+ Qf5 37. Qxf5+ Bxf5 38.
Kf1 Rd7 39. Ra5 Kg6 40. Ke2 Be4 41. f3 Bd5 42. g4 hxg4 43. fxg4 Be6 44. Kf3 Kf7 45. g5 fxg5 46. Rxg5 Rd5 47.
Rg1 Rf5+ 48. Ke4 Rb5 49. Rf1+ Ke7 50. Bg5+ Ke8 51. Ra1 Bf5+ 52. Kf4 g6 53. Bf6 Kf7 54. Be5 Rb1 55. Ra7+ Ke6 56.
Ra6+ Ke7 57. Kg5 Be4 58. Kh6 Rf1 59. Ra7+ Ke6 60. Kg7 Rh1 61. Bf6 Bf5 62. Re7+ Kd6 63. Re5 Rf1 64. Be7+ Kd7 65.
d5 Rf4 66. d6 Re4 67. Ra5 Rf4 68. Ra7+ Ke6 69. Bf8 Rd4 70. Rf7 Bd3 71. Be7 Rg4 72. Rf3 Bf5 73. Re3+ Kd7 74. Ra3 Rf4 75.
Ra7+ Ke6 76. Bf8 Rd4 77. Rf7 Bd3 78. Be7 Rg4 79. Kf8 Kd7 80. Rf2 Rg1 81. Kg7 Be4 82. Rf8 Rd1 83. Rf4 Re1 84.
Bf8 Bd3 85. Rf7+ Ke8 86. d7+ Kd8 87. Bc5 Rb1 88. Bd4 1-0

[Event "FIDE Women's Grand Swiss 2023"]
[Site "Villa Marina, Douglas, Isle of Man, Isle Of Man"]
[Date "2023.10.30"]
[Round "6.6"]
[White "Mammadzada, Gunay"]
[Black "Milliet, Sophie"]
[Result "1/2-1/2"]
[TimeControl "40/90 + 30 + 30s/move"]
[WhiteFideId "13403729"]
[BlackFideId "623725"]
[WhiteElo "2441"]
[BlackElo "2391"]

1. Nf3 d5 2. d4 Nf6 3. c4 e6 4. g3 dxc4 5. Bg2 Bb4+ 6. Bd2 a5 7. a3 Bxd2+ 8. Nbxd2 b5 9. b3 cxb3 10.
Qxb3 c6 11. O-O O-O 12. Qb2 Bb7 13. Rfc1 Nbd7 14. Rc2 Qe7 15. Ne5 Nxe5 16. dxe5 Nd5 17. Ne4 Rad8 18. Nc5 Ba8 19. Nb3 Qc7 20.
e4 Ne7 21. Qc3 a4 22. Nc5 Nc8 23. Na6 Qa7 24. Nb4 Nb6 25. Qc5 Qb8 26. Na6 Qb7 27. Nb4 Qb8 28. Na6 Qb7 29. Nb4 Qb8 30.
Na6 Qb7 1/2-1/2

[Event "FIDE Women's Grand Swiss 2023"]
[Site "Villa Marina, Douglas, Isle of Man, Isle Of Man"]
[Date "2023.10.30"]
[Round "6.7"]
[White "Muzychuk, Mariya"]
[Black "Injac, Teodora"]
[Result "1-0"]
[TimeControl "40/90 + 30 + 30s/move"]
[WhiteFideId "14114550"]
[BlackFideId "932400"]
[WhiteElo "2519"]
[BlackElo "2426"]

1. d4 Nf6 2. c4 e6 3. Nc3 d5 4. cxd5 exd5 5. Bg5 Be7 6. e3 h6 7. Bh4 Bg4 8. Qb3 Nbd7 9. Bd3 c5 10.
Bxf6 Nxf6 11. Bb5+ Kf8 12. dxc5 d4 13. exd4 Qxd4 14. Nge2 Qxc5 15. O-O Qb4 16. Qc2 g6 17. a3 Qd6 18.
Rad1 Qc7 19. h3 Bf5 20. Qa4 a6 21. Nd4 Qc8 22. Nxf5 Qxf5 23. Bd3 Qc5 24. Ne4 Qb6 25. Nxf6 Bxf6 26.
Be4 Qb5 27. Qxb5 axb5 28. Rd2 b4 29. axb4 Ra4 30. Rd7 Kg7 31. Bd5 Rf8 32. Rxb7 Bxb2 33. Rd1 Ra6 34. Rd3 Be5 35. g3 g5 36. Rf3 Bf6 37. b5 Rd6 38. Rf5 Rdd8 39. b6 Rd6 40. g4 Kg6 41.
Kg2 h5 42. Be4 Kh6 43. Rd5 Rxd5 44. Bxd5 hxg4 45. hxg4 Be5 46. Re7 Bd6 47. Rd7 Bb8 48. Bxf7 Kg7 49. Be8+ 1-0

[Event "FIDE Women's Grand Swiss 2023"]
[Site "Villa Marina, Douglas, Isle of Man, Isle Of Man"]
[Date "2023.10.30"]
[Round "6.8"]
[White "Fataliyeva, Ulviyya"]
[Black "Paehtz, Elisabeth"]
[Result "1-0"]
[TimeControl "40/90 + 30 + 30s/move"]
[WhiteFideId "13403052"]
[BlackFideId "4641833"]
[WhiteElo "2393"]
[BlackElo "2484"]

1. e4 c5 2. Nf3 a6 3. c4 e6 4. d4 cxd4 5. Nxd4 Nf6 6. Bd3 Qb6 7. Nb3 d6 8. Nc3 Be7 9. a4 Qc7 10.
Be3 Nc6 11. a5 Ne5 12. Bb6 Nxd3+ 13. Qxd3 Qb8 14. O-O O-O 15. Rfd1 Bd7 16. Qg3 Bc6 17. f3 Rc8 18. Rac1 Be8 19.
Nd2 g6 20. b3 Nd7 21. Na4 Ne5 22. f4 Bxa4 23. fxe5 Be8 24. Nf3 dxe5 25. Ng5 f6 26. Qh3 fxg5 27. Qxe6+ Bf7 28. Qxe7 Re8 29.
Qxg5 Qc8 30. Rd6 h6 31. Rxg6+ Bxg6 32. Qxg6+ Kh8 33. Qxh6+ Kg8 34. Rc3 1-0

[Event "FIDE Women's Grand Swiss 2023"]
[Site "Villa Marina, Douglas, Isle of Man, Isle Of Man"]
[Date "2023.10.30"]
[Round "6.9"]
[White "Tsolakidou, Stavroula"]
[Black "Hoang, Thanh Trang"]
[Result "1-0"]
[TimeControl "40/90 + 30 + 30s/move"]
[WhiteFideId "4264312"]
[BlackFideId "12400149"]
[WhiteElo "2385"]
[BlackElo "2398"]

1. Nf3 f5 2. d3 Nc6 3. d4 e6 4. g3 Nf6 5. Bg2 g6 6. c4 d6 7. Nc3 Bg7 8. d5 Ne5 9. Nxe5 dxe5 10.
Qa4+ Bd7 11. Qb4 Rb8 12. Be3 b6 13. dxe6 Bxe6 14. Rd1 Qe7 15. Qa4+ Kf7 16. Qxa7 Bxc4 17. Bg5 e4 18. Rc1 c5 19.
Qxe7+ Kxe7 20. Nxe4 Bxa2 21. Ra1 Bd5 22. Ra7+ Ke6 23. Rxg7 Bxe4 24. f3 Rb7 25. Rxb7 Bxb7 26. Kf2 Ra8 27.
Rd1 Re8 28. e4 Bc6 29. Bh3 h6 30. exf5+ gxf5 31. Bh4 Nd5 32. Re1+ Kf7 33. Rxe8 Bxe8 34. Bxf5 b5 35. g4 c4 36.
Bg3 b4 37. Be5 Ba4 38. h4 Bd1 39. g5 hxg5 40. hxg5 Ne7 41. Be4 Ke6 42. Bd4 Nf5 43. Bc5 c3 44. Bxb4 cxb2 45. Bc3 Nd6 46.
Bd3 Nf7 47. f4 Bg4 48. Bxb2 Nd6 49. Be5 Bf5 50. Be2 Ne4+ 51. Ke3 Kf7 52. Bh5+ Ke6 53. Kd4 Ng3 54. Be8 Ke7 55. Bb5 Bb1 56.
Bc7 Nf5+ 57. Ke5 Nh4 58. Bc4 Nf3+ 59. Kd5 Kf7 60. Be2 Nh4 61. Ke5 Ng6+ 62. Kd4 Nh4 63. Bc4+ Kg6 64. Bd5 Nf5+ 65.
Ke5 Bc2 66. Bc6 Bb1 67. Bd8 Nh4 68. Ke6 Bf5+ 69. Ke5 Bc2 70. Bf6 Kf7 71. Bd5+ Kg6 72. Bd8 Kg7 73. Kd6 Kg6 74. Be6 Bf5 75.
Bd5 Bc2 76. Ke6 Bf5+ 77. Ke7 Kg7 78. Bc7 Ng6+ 79. Ke8 Bc2 80. Bd6 Nh4 81. Be5+ Kg6 82. Kf8 Bb1 83. Be6 Bf5 84. Bf7+ Kh7 85.
Ke7 Bb1 86. Kf6 Bc2 87. Be6 Bb1 88. f5 Bc2 89. Bg3 1-0

[Event "FIDE Women's Grand Swiss 2023"]
[Site "Villa Marina, Douglas, Isle of Man, Isle Of Man"]
[Date "2023.10.30"]
[Round "6.10"]
[White "Kamalidenova, Meruert"]
[Black "Javakhishvili, Lela"]
[Result "1/2-1/2"]
[TimeControl "40/90 + 30 + 30s/move"]
[WhiteFideId "13712802"]
[BlackFideId "13601458"]
[WhiteElo "2351"]
[BlackElo "2437"]

1. e4 e5 2. Nf3 Nc6 3. Bb5 a6 4. Ba4 Bc5 5. O-O Nge7 6. c3 Ng6 7. d4 Ba7 8. Bg5 f6 9. Be3 O-O 10.
Nbd2 Kh8 11. Re1 exd4 12. cxd4 d5 13. Bxc6 bxc6 14. Qc2 dxe4 15. Nxe4 Bg4 16. Ned2 Qd5 17. Rac1 Bd7 18. Qc4 Qb5 19.
Qxb5 axb5 20. d5 Bxe3 21. Rxe3 Rxa2 22. dxc6 Bg4 23. Rb3 Rb8 24. Re1 Kg8 25. h3 Bxf3 26. Nxf3 Ra4 27. Rc1 Ne7 28.
Re3 Nd5 29. Rd3 Nf4 30. Rd2 Re4 31. Rc5 Ne6 32. Rcc2 Rc4 33. Rxc4 bxc4 34. Rc2 Rb6 35. Nd2 1/2-1/2

[Event "FIDE Women's Grand Swiss 2023"]
[Site "Villa Marina, Douglas, Isle of Man, Isle Of Man"]
[Date "2023.10.30"]
[Round "6.11"]
[White "Beydullayeva, Govhar"]
[Black "Shuvalova, Polina"]
[Result "0-1"]
[TimeControl "40/90 + 30 + 30s/move"]
[WhiteFideId "13413015"]
[BlackFideId "24171760"]
[WhiteElo "2383"]
[BlackElo "2506"]

1. d4 Nf6 2. c4 e6 3. Nf3 d5 4. Nc3 Be7 5. Bf4 O-O 6. e3 Nbd7 7. Be2 dxc4 8. O-O a6 9. a4 c5 10.
d5 exd5 11. Nxd5 Nxd5 12. Qxd5 Nf6 13. Qxd8 Rxd8 14. Bc7 Rd7 15. Ba5 b6 16. Bxb6 a5 17. Ne5 Nd5 18. Bxa5 Rxa5 19. Bxc4 Nb6 20.
Bxf7+ Kf8 21. Nxd7+ Bxd7 22. Bb3 g6 23. Rfd1 Be8 24. Be6 Bf6 25. Rd2 Ke7 26. Bg8 h6 27. h3 Bxa4 28. Bb3 c4 29.
Bd1 Ra8 30. e4 g5 31. g3 c3 32. bxc3 Bxc3 33. Rxa4 Bxd2 34. Rxa8 Nxa8 35. Kf1 Nc7 36. Ke2 Bc1 37. Bb3 Nb5 38.
Bc4 Nd4+ 39. Kd3 Nf3 40. Ke2 Ne5 41. Bb5 Ng6 42. Kd1 Ba3 43. Be2 Bd6 44. Bh5 Nf8 45. Ke2 Kf6 46. Bg4 Ng6 47.
Bf5 Ne7 48. Bd7 Ke5 49. Kf3 Ng8 50. Bf5 h5 51. Bg6 Nf6 52. Bf5 Bc5 53. Bg6 Kd4 54. Bf5 Bd6 55. Bg6 Be5 56. Ke2 Bd6 57.
Kf3 Bc7 58. Ke2 Be5 59. Kf3 Kd3 60. Bf5 Kd2 61. Bg6 Bc7 62. Bf7 Bb8 63. Be6 Be5 64. Bf7 Bc7 65. Be6 Ke1 66. Ke3 Bb6+ 67.
Kf3 Bd4 68. Bf7 Kf1 69. h4 Nd7 70. hxg5 Ne5+ 71. Kf4 Nxf7 72. g6 Nd8 73. Kf5 Kxf2 74. e5 Nc6 75. g7 Ne7+ 76. Kf6 Ng8+ 77.
Kg5 Bxe5 78. Kxh5 Bxg7 79. Kg6 Bc3 80. g4 Ne7+ 81. Kf7 Nd5 82. g5 Nf4 83. g6 Nh5 84. Ke6 Kf3 85. Kd5 Ng7 86.
Kc4 Bf6 87. Kd5 Kf4 88. Kd6 Kf5 89. Kd5 Kxg6 90. Ke4 Ne6 91. Kd5 Kf5 92. Kd6 Nd4 93. Kd5 Be5 94. Kc4 Ke4 95. Kc5 Bc7 96.
Kc4 Bb6 97. Kc3 Nf5 98. Kd2 Be3+ 99. Kc3 Nd6 100. Kb4 Bb6 101. Kc3 Ba5+ 102. Kc2 Kd4 103. Kb3 Kd3 104. Ka4 Bd2 105.
Kb3 Ne4 106. Ka4 Kc4 107. Ka3 Nc5 108. Kb2 Kd3 109. Ka3 Kc2 110. Ka2 Bb4 111. Ka1 Nd3 0-1

[Event "FIDE Women's Grand Swiss 2023"]
[Site "Villa Marina, Douglas, Isle of Man, Isle Of Man"]
[Date "2023.10.30"]
[Round "6.12"]
[White "Dronavalli, Harika"]
[Black "Savitha, Shri B"]
[Result "1-0"]
[TimeControl "40/90 + 30 + 30s/move"]
[WhiteFideId "5015197"]
[BlackFideId "35061887"]
[WhiteElo "2502"]
[BlackElo "2375"]

1. Nf3 d5 2. d4 Nc6 3. e3 Bg4 4. h3 Bh5 5. Nbd2 e5 6. g4 Bg6 7. dxe5 d4 8. e4 Bb4 9. Bd3 h5 10.
Rg1 hxg4 11. hxg4 Qd7 12. a3 Be7 13. Nb3 O-O-O 14. Qe2 Nh6 15. Bxh6 gxh6 16. O-O-O Bg5+ 17. Nxg5 hxg5 18. Bb5 Qe6 19.
Bxc6 Qxc6 20. Nxd4 Qxe4 21. Qxe4 Bxe4 22. Rge1 Bd5 23. b3 Rd7 24. Re3 Rh2 25. c4 Be6 26. Nxe6 fxe6 27. Rf3 Rxd1+ 28. Kxd1 Rg2 29. Rf8+ Kd7 30. Rf7+ Kd8 31. f3 Rb2 32. b4 Ra2 33. Rg7 Rf2 34. Rxg5 Rxf3 35. Rg8+ Kd7 36. Rg7+ Kd8 37.
Ke2 Rxa3 38. g5 Rc3 39. g6 Rxc4 40. Kf3 Ke8 41. Rg8+ Ke7 42. Rb8 Rc3+ 43. Kf4 Rc4+ 44. Kg5 Rc1 45.
g7 Rg1+ 46. Kh6 Rh1+ 47. Kg6 Rg1+ 48. Kh7 Rh1 49. Kg8 b6 50. b5 Re1 51. Rc8 Rc1 52. Rf8 Rc2 53. Rf7+ Ke8 54. Rf6 1-0

[Event "FIDE Women's Grand Swiss 2023"]
[Site "Villa Marina, Douglas, Isle of Man, Isle Of Man"]
[Date "2023.10.30"]
[Round "6.13"]
[White "Ushenina, Anna"]
[Black "Gunina, Valentina"]
[Result "1-0"]
[TimeControl "40/90 + 30 + 30s/move"]
[WhiteFideId "14110911"]
[BlackFideId "4167570"]
[WhiteElo "2434"]
[BlackElo "2439"]

1. d4 d5 2. c4 c6 3. Nf3 Nf6 4. Nc3 dxc4 5. a4 Bf5 6. Ne5 Nbd7 7. Nxc4 Qc7 8. g3 e5 9. dxe5 Nxe5 10.
Bf4 Nfd7 11. Bg2 g5 12. Ne3 gxf4 13. Nxf5 O-O-O 14. Qc2 fxg3 15. hxg3 a5 16. O-O h5 17. Rfd1 Nc5 18. Rxd8+ Qxd8 19.
Rd1 Qc7 20. Ne4 Nxe4 21. Qxe4 Bc5 22. e3 Kb8 23. Rc1 Bb6 24. Rd1 f6 25. b4 Rd8 26. Rb1 Rd2 27. bxa5 Bxa5 28. Nd4 Bc3 29.
Nb3 Rb2 30. Rxb2 Bxb2 31. Qb4 Ka7 32. a5 Nd7 33. Nc5 Be5 34.
Nxd7 Qxd7 35. Qb6+ Kb8 36. a6 Qc7 37. Qb3 b5 38. Qe6 Ka7 39. Bxc6 Kxa6 40. Qd5 Qa5 41. Bd7 Qa1+ 42. Kg2 Qb2 43.
Qf3 Kb6 44. Be8 Qc2 45. Qd5 Qc5 46. Qe6+ Qd6 47. Qb3 Qc5 48. Qe6+ Qd6 49. Qxd6+ Bxd6 50. Bxh5 b4 51. Bf7 Kc6 52.
Kf3 Be5 53. Ke4 Bc3 54. f3 Kd6 55. Bb3 Bd2 56. Kf5 Ke7 57. e4 Be3 58. f4 Bf2 59. g4 Be3 60. g5 fxg5 61. Kxg5 Kf8 62.
Kf5 Kg7 63. Ke5 Kg6 64. f5+ Kg5 65. f6 Bb6 66. Ke6 Kf4 67. e5 Kg5 68. f7 Bc5 69. Kd7 1-0

[Event "FIDE Women's Grand Swiss 2023"]
[Site "Villa Marina, Douglas, Isle of Man, Isle Of Man"]
[Date "2023.10.30"]
[Round "6.14"]
[White "Narva, Mai"]
[Black "Socko, Monika"]
[Result "1-0"]
[TimeControl "40/90 + 30 + 30s/move"]
[WhiteFideId "4500512"]
[BlackFideId "1106619"]
[WhiteElo "2399"]
[BlackElo "2380"]

1. e4 c6 2. Nc3 d5 3. Nf3 dxe4 4. Nxe4 Nf6 5. Qe2 Na6 6. d4 Bg4 7. h3 Bxf3 8. Nxf6+ gxf6 9. Qxf3 Qb6 10.
c3 h5 11. a4 Bh6 12. a5 Qc7 13. Bxh6 Rxh6 14. Bd3 Qd6 15. O-O O-O-O 16. Qe3 Rhh8 17. Bxa6 bxa6 18. Qe2 Kb7 19. Ra4 Rb8 20.
Rb4+ Ka8 21. Rxb8+ Rxb8 22. Qxh5 Rxb2 23. Qxf7 Rb5 24. Re1 e5 25. dxe5 Rxe5 26. Rxe5 Qxe5 27. Qd7 Kb8 28. Qd4 Qh5 29.
Qd8+ Kb7 30. Qd7+ Kb8 31. Qxc6 Qxa5 32. Qxf6 Qa1+ 33. Kh2 a5 34. g4 a4 35. g5 Qc1 36. g6 Qh6 37. Qe5+ Kb7 38.
g7 1-0

[Event "FIDE Women's Grand Swiss 2023"]
[Site "Villa Marina, Douglas, Isle of Man, Isle Of Man"]
[Date "2023.10.30"]
[Round "6.15"]
[White "Cori T., Deysi"]
[Black "Kosteniuk, Alexandra"]
[Result "1-0"]
[TimeControl "40/90 + 30 + 30s/move"]
[WhiteFideId "3801934"]
[BlackFideId "4128125"]
[WhiteElo "2367"]
[BlackElo "2523"]

1. Nf3 d5 2. g3 Nf6 3. Bg2 Bf5 4. O-O e6 5. b3 Nc6 6. Bb2 h6 7. d3 a5 8. a3 Bc5 9. c4 d4 10.
b4 axb4 11. axb4 Rxa1 12. Bxa1 Nxb4 13. Qa4+ Nc6 14. Ne5 O-O 15. Nxc6 bxc6 16. Nd2 e5 17. Qxc6 Qe7 18. Rb1 Bb6 19.
Qb5 Nd7 20. Be4 Bxe4 21. Nxe4 Ra8 22. Bb2 Rb8 23. Ba3 Qe6 24. Qa6 Qc6 25. Qb5 Qxb5 26. Rxb5 Ra8 27. Bb2 f5 28. Nd2 Ra2 29.
f4 exf4 30. gxf4 c6 31. Rb3 c5 32. Nf3 Bc7 33. Nh4 Bxf4 34. Rb7 Nf8 35. Nxf5 Ne6 36. h4 Bd2 37. Kf2 h5 38. Kf3 Kf8 39.
Ke4 Nf4 40. Nxg7 Nxe2 41. Ne6+ Kg8 42. Kf5 Ra6 43. Rg7+ Kh8 44. Re7 Kg8 45. Nxc5 Ng3+ 46. Ke5 Ra5 47. Bxd4 Ne2 48. Kd5 Nf4+ 49.
Ke4 Kf8 50. Rh7 Ke8 51. Nb3 1-0

[Event "FIDE Women's Grand Swiss 2023"]
[Site "Villa Marina, Douglas, Isle of Man, Isle Of Man"]
[Date "2023.10.30"]
[Round "6.16"]
[White "Batsiashvili, Nino"]
[Black "Tania, Sachdev"]
[Result "1-0"]
[TimeControl "40/90 + 30 + 30s/move"]
[WhiteFideId "13602993"]
[BlackFideId "5007844"]
[WhiteElo "2475"]
[BlackElo "2389"]

1. d4 Nf6 2. c4 e6 3. Nf3 d5 4. Nc3 Be7 5. cxd5 exd5 6. Bf4 c6 7. e3 Bf5 8. h3 Nbd7 9. g4 Bg6 10.
Nh4 Nf8 11. Qb3 Qb6 12. Nxg6 hxg6 13. Bg2 Ne6 14. Bg3 Qxb3 15. axb3 Kd7 16. f3 Bd6 17. Bf2 a6 18. O-O-O Rae8 19.
h4 Kc7 20. Kc2 Kb8 21. Bh3 g5 22. h5 Rc8 23. Kb1 Rhd8 24. e4 dxe4 25. fxe4 Nf4 26. Bg3 Nxh3 27. Bxd6+ Rxd6 28. Rxh3 Ng8 29.
e5 Rd7 30. Ne4 Nh6 31. Nxg5 Nxg4 32. Rg1 Nh6 33. Nf3 Nf5 34. Rg5 g6 35. h6 Nxd4 36. Nxd4 Rxd4 37. e6 fxe6 38. Rxg6 Rh8 39.
Rxe6 Rd7 40. Kc2 Kc7 41. Kc3 Rhh7 42. Rg6 Kb6 43. b4 Ka7 44. Rf6 Kb6 45. Rg3 Rh8 46. Rg5 Rhh7 47. Rg8 Rhe7 48.
Rg3 Re2 49. Rh3 Ree7 50. Rd3 Rc7 51. Rg6 Rh7 52. Rdg3 Rh8 53. Kd4 Rch7 54. Rh3 Kb5 55. Rg7 Kxb4 56. Rxh7 Rxh7 57. Ke5 a5 58. Kf6 b5 59. Kg6 Rh8 60.
Kg7 Rd8 61. h7 Rd7+ 62. Kf6 Rd8 63. Rg3 Rd6+ 64. Kg7 Rd7+ 65. Kh6 Rd8 66. Rf3 a4 67. Kg7 Rd7+ 68. Kg8 Rxh7 69. Kxh7 Kc4 70. Kg6 b4 71. Kf5 a3 72. bxa3 b3 73. Rf4+ Kc3 74.
a4 c5 75. a5 c4 76. a6 b2 77.
Rf1 Kc2 78. a7 1-0

[Event "FIDE Women's Grand Swiss 2023"]
[Site "Villa Marina, Douglas, Isle of Man, Isle Of Man"]
[Date "2023.10.30"]
[Round "6.17"]
[White "Wagner, Dinara"]
[Black "Guichard, Pauline"]
[Result "1/2-1/2"]
[TimeControl "40/90 + 30 + 30s/move"]
[WhiteFideId "24157570"]
[BlackFideId "639370"]
[WhiteElo "2461"]
[BlackElo "2358"]

1. d4 Nf6 2. c4 e6 3. Nc3 Bb4 4. e3 O-O 5. Bd3 d5 6. a3 Bxc3+ 7. bxc3 dxc4 8. Bxc4 c5 9. Ne2 Qc7 10.
Ba2 b6 11. O-O Ba6 12. Re1 Nc6 13. Ng3 Rfd8 14. Rb1 Rac8 15. Rb2 Ne5 16. Rd2 Nc4 17. Bxc4 Bxc4 18. e4 Ne8 19. Qg4 f6 20.
h4 Qf7 21. h5 cxd4 22. cxd4 Rd7 23. Qf3 h6 24. a4 Rcd8 25. Bb2 Ba6 26. d5 Bb7 27. dxe6 Qxe6 28. Rxd7 Rxd7 29. Qf4 Nd6 30.
Bc3 Kh7 31. e5 Qd5 32. f3 fxe5 33. Bxe5 Re7 34. Bc3 Rxe1+ 35. Bxe1 Bc8 36. Bc3 Nf5 37. Ne4 Bd7 38. Qc7 Qd1+ 39.
Kh2 Ne3 40. Nd2 Qxa4 41. Qg3 Nf5 42. Qg6+ Kh8 43. Ne4 Qc6 44. Nf6 Qd6+ 45. g3 Qxg3+ 46. Qxg3 Nxg3 47. Nxd7 Nxh5 48. Be5 b5 49.
Kh3 Kg8 50. Kg4 g6 51. Bc3 Ng7 52. Ne5 Kh7 53. Nc6 a6 54. Nb8 g5 55. Nxa6 Kg6 56. Nc7 Nf5 57. Kh3 h5 58. Kh2 g4 59.
f4 Ne3 60. Nxb5 Kf5 61. Be5 Ke4 62. Kg3 Nf5+ 63. Kf2 Kd5 64. Nc3+ Ke6 65. Ne4 Ne7 66. Bf6 Nd5 67. Bg5 h4 68. Kg2 Nxf4+ 69. Bxf4 Kf5 70.
Bg5 Kxe4 1/2-1/2

[Event "FIDE Women's Grand Swiss 2023"]
[Site "Villa Marina, Douglas, Isle of Man, Isle Of Man"]
[Date "2023.10.30"]
[Round "6.18"]
[White "Aulia, Medina Warda"]
[Black "Cramling, Pia"]
[Result "0-1"]
[TimeControl "40/90 + 30 + 30s/move"]
[WhiteFideId "7101570"]
[BlackFideId "1700030"]
[WhiteElo "2362"]
[BlackElo "2446"]

1. e4 c5 2. Nf3 e6 3. b3 a6 4. Bb2 Nc6 5. d4 cxd4 6. Nxd4 Qf6 7. c3 Bc5 8. Be2 e5 9. Nf3 Qg6 10.
O-O Nge7 11. b4 Bb6 12. Na3 O-O 13. b5 axb5 14. Nxb5 Bc5 15. Nd2 d6 16. Bh5 Qg5 17. Nb3 Ng6 18.
Bxg6 Qxg6 19. Nxc5 dxc5 20. Nc7 Rb8 21. Qf3 Rd8 22. h3 Be6 23. Qe3 b6 24. a4 Rd7 25. Nxe6 Qxe6 26. f4 exf4 27.
Qxf4 Re8 28. Rab1 Ne5 29. a5 bxa5 30. Ba3 Nd3 31. Qg3 h6 32. Rb5 Qxe4 33. Rxa5 Qc4 34. Rb1 Rde7 35. Kh2 Re2 36.
Rb8 Rxb8 37. Qxb8+ Kh7 38. Qg3 Nf4 39. Rxc5 Qe4 0-1

[Event "FIDE Women's Grand Swiss 2023"]
[Site "Villa Marina, Douglas, Isle of Man, Isle Of Man"]
[Date "2023.10.30"]
[Round "6.19"]
[White "Vantika, Agrawal"]
[Black "Mkrtchyan, Mariam"]
[Result "0-1"]
[TimeControl "40/90 + 30 + 30s/move"]
[WhiteFideId "25050389"]
[BlackFideId "13310828"]
[WhiteElo "2435"]
[BlackElo "2343"]

1. c4 e6 2. Nf3 d5 3. g3 dxc4 4. Qa4+ Nd7 5. Qxc4 a6 6. Qc2 b5 7. Bg2 Bb7 8. O-O Ngf6 9. a4 c5 10.
Nc3 Qb6 11. d3 Be7 12. axb5 axb5 13. Rxa8+ Bxa8 14. Qb3 b4 15. Nb1 O-O 16. Nbd2 Qa6 17. Nc4 Bc6 18. Nfe5 Nxe5 19. Nxe5 Bd5 20.
Qc2 Qa2 21. e4 Bb3 22. Qe2 Rc8 23. Be3 Bd6 24. Bf4 Ne8 25. Rc1 f6 26. Nc4 Bxf4 27. gxf4 Bxc4 28. dxc4 Rd8 29. e5 f5 30.
Bc6 Nc7 31. Rd1 Rd4 32. Kg2 h6 33. Rxd4 cxd4 34. c5 Qa6 35. Qf3 Qc4 36. Ba4 Qxc5 37. Bb3 Kh7 38. h4 Qc1 39. Qb7 d3 40.
Qxb4 Qxb2 41. Qa4 d2 42. h5 Qc3 43. Bd1 Nd5 44. Kh2 Qb4 45. Qe8 Qxf4+ 46. Kg2 Qg5+ 47. Kf3 Qg4# 0-1